 Dungeon Crawl Stone Soup version 0.27-a0-1154-gfdeffcb720 (webtiles) character file.

Game seed: 2226669264066681866

2394 robertstho the Thaumaturge (level 9, -2/56 HPs)
             Began as a Djinni Fire Elementalist on May 14, 2021.
             Was an Initiate of Gozag.
             Slain by a wight
             ... wielding a +4 long sword
              (9 damage)
             ... on level 7 of the Dungeon.
             The game lasted 00:10:52 (9438 turns).

robertstho the Thaumaturge (DjFE)                   Turns: 9438, Time: 00:10:52

Health: -2/56      AC:  4    Str:  7    XL:     9   Next: 74%
Gold:   208        EV: 13    Int: 20    God:    Gozag SH:  0 Dex: 14

rFire    + + +     SeeInvis .   l - +1 falchion (elec)
rCold    x . .     Faith    .   (no shield)
rNeg     . . .     Spirit   .   a - +0 robe
rPois    ∞         Reflect  .   (no helmet)
rElec    .         Harm     .   (no cloak)
rCorr    .         Rampage  .   c - +1 pair of gloves
Will     .....                  (boots unavailable)
Stlth    +++.......             (no amulet)
HPRegen  0.18/turn              g - ring of protection from fire
MPRegen  0.00/turn              (no ring)

@: gold aura, flying
A: sickness immunity, fire resistance 2, cold vulnerability 1, float, innate
caster, hp casting, extra vitality 1
a: Renounce Religion, Potion Petition, Call Merchant, Bribe Branch


You were on level 7 of the Dungeon.
You worshipped Gozag.
Gozag was aware of your devotion.
You visited 2 branches of the dungeon, and saw 8 of its levels.

You collected 278 gold pieces.
You paid 70 gold pieces to Gozag.

Inventory:

Hand Weapons
 l - a +1 falchion of electrocution (weapon)
Missiles
 j - 3 atropa-tipped darts
 o - 3 throwing nets
Armour
 a - a +0 robe (worn)
 c - a +1 pair of gloves (worn)
Jewellery
 g - a ring of protection from fire (left hand)
Wands
 h - a wand of iceblast (8)
 m - a wand of charming (5)
 r - a wand of paralysis (10)
 y - a wand of digging (2)
Scrolls
 d - a scroll of immolation
 e - 11 scrolls of identify {unknown}
 f - a scroll of summoning {unknown}
 i - a scroll of acquirement {unknown}
 k - a scroll of magic mapping {unknown}
 n - 3 scrolls of teleportation {unknown}
 p - a scroll of fear {unknown}
 u - 2 scrolls of enchant weapon {unknown}
 w - a scroll of amnesia {unknown}
 z - a scroll of enchant armour {unknown}
 B - a scroll of noise {unknown}
 C - a scroll of fog {unknown}
Potions
 b - 3 potions of heal wounds
 q - a potion of brilliance {unknown}
 s - a potion of degeneration {unknown}
 t - a potion of curing {unknown}
 v - a potion of flight {unknown}
 x - a potion of attraction {unknown}
 A - a potion of haste {unknown}


   Skills:
 + Level 0.6 Fighting
 + Level 0.7 Long Blades
 + Level 3.4 Dodging
 + Level 4.3 Stealth
 + Level 9.0 Spellcasting


You couldn't memorise any spells.
You knew the following spells:

 Your Spells              Type           Power      Damage    Failure   Level
a - Foxfire               Conj/Fire      100%       2x1d9     1%          1
b - Conjure Flame         Conj/Fire      45%        6-21      1%          3
c - Inner Flame           Hex/Fire       45%        N/A       1%          3
d - Sticky Flame          Conj/Fire      45%        2d6       1%          4
e - Fireball              Conj/Fire      22%        3d10      5%          5
f - Apportation           Tloc           90%        N/A       1%          1
g - Wereblood             Tmut           45%        N/A       1%          2
h - Ozocubu's Armour      Ice            45%        N/A       1%          3
i - Petrify               Tmut/Erth      45%        N/A       1%          4
Your spell library was empty.

Dungeon Overview and Level Annotations

Branches:
Dungeon (7/15)             Temple (1/1) D:6

Altars:
Cheibriados
Dithmenos
Gozag
Makhleb
Nemelex Xobeh
Qazlal
Sif Muna
Trog
Uskayaw
Vehumet
Xom
Yredelemnul
The Shining One
Lugonu


Innate Abilities, Weirdness & Mutations

You are immune to sickness and miasma.
You are immune to poison.
Your flesh is very heat resistant. (rF++)
You are vulnerable to cold. (rC-)
You float through the air rather than walking.
You learn spells naturally, not from books.
Your magical power is your life essence.
You have superior vitality. (+4 HP)


Message History

The foxfire hits the wight but does no damage.
The wight is heavily damaged.
The foxfire hits the wight.
The wight is severely damaged.
Casting: Foxfire (safe; 1% risk of failure)
Press: ? - help, Q - select action, (/) - cycle Dir - look around, f - activate You conjure some foxfire!
The foxfire hits the wight.
The wight is almost destroyed.
The foxfire hits the wight.
You destroy the wight!
Casting: Foxfire (safe; 1% risk of failure)
Press: ? - help, Q - select action, (/) - cycle Dir - look around, f - activate You conjure some foxfire!
The foxfire hits the wight.
The wight is lightly damaged.
The foxfire hits the wight but does no damage.
The wight is lightly damaged.
Casting: Foxfire (safe; 1% risk of failure)
Press: ? - help, Q - select action, (/) - cycle Dir - look around, f - activate You conjure some foxfire!
The wight hits you with a +3 scimitar of freezing!
The wight freezes you.
The foxfire hits the wight.
The wight is moderately damaged.
The foxfire hits the wight but does no damage.
The wight is moderately damaged.
Casting: Foxfire (safe; 1% risk of failure)
Press: ? - help, Q - select action, (/) - cycle Dir - look around, f - activate You conjure some foxfire!
The wight hits you with a +3 scimitar of freezing.
The wight freezes you.
The wight hits you with a +4 long sword!!
* * * LOW HITPOINT WARNING * * *
Your foxfire dissipates!
The foxfire hits the wight.
The wight is heavily damaged.
The wight hits you with a +4 long sword!
You die...
Your body crumbles into a pile of gold.

#.##...#...## #
#....#.#....
#.##.....#..#
#...<....#..#######
...................
............####
#########.##.#######
............zz$.....
.######.#.##@#######
#....#.#.##........
#.##<#.#.##########
#.####.#.#
#......#.#
########.# #.# $


You could see 2 wights.

Vanquished Creatures
  Edmund (D:6)
  An orc warrior (D:6)
  A necrophage (D:4)
  An ice beast (D:6)
  5 ogres
  A centaur (D:5)
  2 phantoms
  A gnoll sergeant (D:6)
  A scorpion (D:5)
  3 water moccasin skeletons
  3 wights (D:7)
  A howler monkey (D:4)
  2 centaur skeletons (D:6)
  3 gnoll shamans
  2 hounds
  A bullfrog skeleton (D:4)
  An orc priest (D:3)
  2 jellies
  2 iguanas
  Natasha (twice) (D:2)
  6 orc wizards
  2 killer bee zombies
  13 gnolls (D:6)
  6 adders
  2 ufetubi (D:4)
  A worm (D:2)
  2 dart slugs
  20 orcs
  6 bats
  5 endoplasms
  3 giant cockroaches
  9 goblins
  5 hobgoblins
  5 jackals
  6 quokkas
  6 ball pythons
  A frilled lizard (D:1)
  6 kobolds
  3 rats
143 creatures vanquished.

Vanquished Creatures (others)
  A wizard (D:6)
  727 foxfires
728 creatures vanquished.

Grand Total: 871 creatures vanquished

Notes
Turn   | Place    | Note
-------+----------+-------------------------------------------
     0 | D:1      | robertstho the Djinni Fire Elementalist began the quest for
                  | the Orb.
     0 | D:1      | Reached XP level 1. HP: 15/15 MP: 0/0
    46 | D:1      | Found a faded altar of an unknown god.
   178 | D:1      | Reached XP level 2. HP: 19/21 MP: 0/0
   833 | D:1      | Reached skill level 3 in Spellcasting
  1107 | D:1      | Reached XP level 3. HP: 23/25 MP: 0/0
  1107 | D:1      | Learned a level 1 spell: Apportation
  1339 | D:2      | Noticed Natasha
  1343 | D:2      | Killed Natasha
  1569 | D:2      | Reached XP level 4. HP: 28/31 MP: 0/0
  1873 | D:2      | Noticed Natasha
  1882 | D:2      | Killed Natasha
  2415 | D:2      | Reached XP level 5. HP: 31/35 MP: 0/0
  2415 | D:2      | Learned a level 2 spell: Wereblood
  2617 | D:3      | Reached skill level 4 in Spellcasting
  2749 | D:3      | Noticed an ogre
  2761 | D:3      | Killed an ogre
  2762 | D:3      | Reached XP level 6. HP: 18/40 MP: 0/0
  3293 | D:3      | Found a sparkling altar of Nemelex Xobeh.
  4078 | D:4      | Reached skill level 5 in Spellcasting
  4232 | D:4      | Found a basalt altar of Yredelemnul.
  4233 | D:4      | Found a shadowy altar of Dithmenos.
  4795 | D:4      | Noticed a necrophage
  4802 | D:4      | Killed a necrophage
  4803 | D:4      | Reached XP level 7. HP: 35/46 MP: 0/0
  4803 | D:4      | Learned a level 3 spell: Ozocubu's Armour
  5655 | D:5      | Entered Level 5 of the Dungeon
  5791 | D:5      | Reached skill level 6 in Spellcasting
  5791 | D:5      | Reached XP level 8. HP: 46/51 MP: 0/0
  6270 | D:5      | Found a stormy altar of Qazlal.
  6378 | D:5      | Found a large runed translucent door.
  6378 | D:5      | Found a large runed translucent door.
  6654 | D:5      | Found a snail-covered altar of Cheibriados.
  6795 | D:6      | Noticed Edmund
  6829 | D:6      | Killed Edmund
  6830 | D:6      | Reached skill level 7 in Spellcasting
  7077 | D:6      | Reached XP level 9. HP: 50/56 MP: 0/0
  7077 | D:6      | Learned a level 4 spell: Petrify
  7342 | D:6      | Found a staircase to the Ecumenical Temple.
  7415 | D:6      | Reached skill level 8 in Spellcasting
  8211 | D:6      | Found a glowing golden altar of the Shining One.
  8688 | D:6      | Found a bloodstained altar of Trog.
  9190 | D:6      | Noticed a wizard
  9194 | D:6      | Killed a wizard
  9297 | Temple   | Entered the Ecumenical Temple
  9314 | Temple   | Became a worshipper of Gozag Ym Sagoz the Greedy
  9430 | D:7      | Reached skill level 9 in Spellcasting
  9438 | D:7      | Slain by a wight

Illustrated notes

Levels and vault maps discovered:
D:1:      dpeg_arrival_tiny_i, layout_loops_cross,
          hellmonk_ecumenical_altar_blasted
D:2:      layout_loops_cross, basic_altar, chequers_serial_rivers_micro_d,
          minmay_domino_4, uniq_natasha
D:3:      layout_basic, lemuel_tele_altar, nrook_mini_backslash
D:4:      layout_basic, kennysheep_little_box,
          chequers_temple_overflow_statue_of_worship, minmay_crystal_water,
          hangedman_glass_teeth, hex_tiny, minmay_quantized
D:5:      layout_basic, lemuel_crystal_altar, jmf_multi_god_temple2
D:6:      layout_layer_cave, kennysheep_mini, trog_wizard, temple_green,
          uniq_edmund
D:7:      layout_basic, uniq_joseph
Temple:   kb_corrupted_temple

Skill      XL: |  1  2  3  4  5  6  7  8  9 |
---------------+----------------------------+-----
Spellcasting   | 3 4 5 6 7 9 |  9.0
Stealth        | 2 3 4 |  4.3
Dodging        | 3 |  3.4
Fighting       | |  0.6
Long Blades    | |  0.7

Action                   |  1- 3 |  4- 6 |  7- 9 || total
-------------------------+-------+-------+-------++-------
Melee: Falchion          |       |     5 |     1 ||     6
 Cast: Foxfire           |    53 |   123 |   261 ||   437
       Sticky Flame      |       |     9 |    11 ||    20
       Fireball          |       |       |     2 ||     2
  Use: Potion            |       |       |     1 ||     1
Armor: Robe              |     2 |     9 |     5 ||    16
Dodge: Dodged            |     7 |    16 |    21 ||    44
       Rpst.: Falchion   |       |     2 |     1 ||     3

Table legend: (Time is in decaauts)
 A = Elapsed time spent in this place.
 B = Non-inter-level travel time spent in this place.
 C = Inter-level travel time spent in this place.
 D = Time resting spent in this place.
 E = Time spent auto-exploring this place.
 F = Levels seen in this place.
 G = Mean time per level.
                   A        B        C        D        E       F      G
               +--------+--------+--------+--------+--------+-----+--------+
         Total |   9436 |   9146 |    290 |    240 |   8018 |   8 | 1179.5 |
       Dungeon |   9404 |   9130 |    274 |    240 |   8004 |   7 | 1343.4 |
        Temple |     32 |     17 |     15 |      0 |     14 |   1 |   32.0 |
               +--------+--------+--------+--------+--------+-----+--------+

Top non-repeatable levels by time:
     D:6: 2515 daAuts
     D:4: 1697 daAuts
     D:3: 1413 daAuts
     D:1: 1338 daAuts
     D:2: 1205 daAuts
     D:5: 1139 daAuts
     D:7: 94 daAuts
  Temple: 32 daAuts
